Map: [ESL] Hard Lead

Players

Reynor - Winner!

  • Race: Zerg Zerg
  • Spawn Location: 11:00

Dark

  • Race: Zerg Zerg
  • Spawn Location: 5:00

Event: IEM Katowice 2024

VOD

Have the link to the VOD?

Description

Time

  • Played on: Feb. 9, 2024, 11:06 a.m.
  • Length: 7:52

All games in this series

Show
View Real Time Build Order
Export as new Build Order

Reynor Zerg - Winner!

Build Orders: Hatch First 

Get SALT Encoding   

  12  0:00  Drone  
  13  0:11  Overlord  
  13  0:16  Drone  
  14  0:30  Drone x2  
  16  0:47  Hatchery  
  15  0:50  Drone  
  15  0:54  Drone  
  17  0:57  Drone  
  18  1:08  Extractor  
  17  1:13  Spawning Pool  
  17  1:15  Drone  
  17  1:19  Drone  
  18  1:27  Drone  
  19  1:38  Drone  
  20  1:48  Drone  
  21  1:59  Queen x2, Overlord  
  21  2:00  Zergling x2  
  26  2:10  Drone, Metabolic Boost  
  26  2:11  Drone  
  28  2:21  Drone x2  
  30  2:34  Hatchery  
  30  2:35  Drone  
  30  2:37  Drone  
  30  2:45  Drone  
  30  2:46  Baneling Nest  
  30  2:47  Drone  
  31  2:54  Overlord  
  31  2:58  Zergling x2  
  32  3:03  Zergling x2  
  32  3:04  Zergling x2  
  34  3:08  Zergling x2  
  34  3:12  Queen  
  35  3:13  Drone x2  
  35  3:14  Zergling x2  
  35  3:17  Drone  
  41  3:21  Overlord  
  41  3:29  Baneling x2  
  41  3:31  Drone, Roach Warren  
  41  3:33  Drone  
  42  3:37  Overlord  
  42  3:39  Drone  
  43  3:42  Drone  
  43  3:44  Drone  
  45  3:50  Overlord  
  45  3:51  Drone x2  
  47  4:01  Drone x2  
  49  4:02  Overlord  
  49  4:05  Drone  
  50  4:15  Roach x6  
  61  4:20  Roach x2  
  61  4:22  Drone  
  66  4:25  Drone x2  
  66  4:28  Drone  
  67  4:32  Drone x2  
  67  4:33  Drone  
  67  4:36  Drone  
  71  4:39  Drone x2  
  71  4:43  Extractor  
  72  4:46  Zergling x6  
  72  4:47  Evolution Chamber  
  72  4:48  Overlord  
  72  4:50  Drone  
  75  4:53  Overlord  
  75  4:54  Drone  
  75  4:55  Baneling  
  75  4:57  Drone x2  
  75  4:59  Drone  
  79  5:02  Lair  
  79  5:05  Extractor, Drone x2  
  80  5:09  Drone x2  
  80  5:11  Drone  
  80  5:13  Overlord  
  83  5:16  Drone  
  84  5:21  Drone  
  84  5:23  Drone x4  
  84  5:24  Extractor, Overlord  
  84  5:26  Drone x3  
  84  5:27  Extractor  
  90  5:32  Overlord  
  90  5:34  Zerg Missile Weapons Level 1  
  90  5:36  Drone  
  90  5:39  Roach  
  90  5:42  Roach  
  96  5:43  Roach  
  96  5:44  Drone x2  
  96  5:46  Extractor, Overlord  
  96  5:48  Roach  
  99  5:57  Overlord  
  99  5:59  Roach x3  
  99  6:00  Hatchery  
  99  6:02  Glial Reconstitution  
  99  6:04  Drone x2, Overlord  
  106  6:07  Roach  
  106  6:09  Roach x2  
  112  6:12  Roach  
  112  6:13  Roach  
  112  6:16  Roach x2  
  120  6:18  Overlord  
  120  6:23  Roach  
  120  6:24  Roach x2  
  126  6:26  Overlord  
  126  6:28  Roach  
  128  6:33  Overlord  
  128  6:34  Roach x2  
  128  6:36  Roach  
  128  6:37  Roach  
  128  6:38  Roach  
  138  6:40  Overseer  
  138  6:42  Ravager x2  
  138  6:46  Roach x3  
  146  6:50  Roach x2  
  146  6:52  Overlord  
  149  6:56  Roach  
  149  6:57  Roach x2  
  149  7:00  Roach x2  
  159  7:03  Drone  
  159  7:04  Overlord  
  159  7:05  Evolution Chamber  
  159  7:07  Roach x2  
  163  7:12  Roach x2  
  163  7:13  Roach  
  166  7:17  Ravager x2  
  166  7:19  Roach x3  
  174  7:29  Roach  
  174  7:30  Roach x5  
Show
View Real Time Build Order
Export as new Build Order

Dark Zerg 

Build Orders: Hatch First 

Get SALT Encoding   

  12  0:00  Drone  
  13  0:12  Overlord  
  13  0:17  Drone  
  14  0:30  Drone x2  
  16  0:47  Hatchery  
  15  0:51  Drone  
  15  0:54  Drone  
  17  0:59  Drone  
  18  1:08  Extractor  
  17  1:13  Spawning Pool  
  17  1:15  Drone  
  17  1:18  Drone  
  18  1:28  Drone  
  19  1:38  Drone  
  20  1:49  Drone  
  21  1:59  Queen x2  
  21  2:00  Zergling x2  
  21  2:01  Overlord  
  26  2:11  Drone x2  
  26  2:12  Metabolic Boost  
  28  2:22  Drone x2  
  30  2:31  Zergling x2  
  30  2:36  Hatchery  
  30  2:43  Drone  
  31  2:46  Baneling Nest  
  31  2:49  Drone, Overlord  
  31  2:58  Zergling x2, Drone  
  33  3:08  Drone  
  33  3:09  Drone x3  
  33  3:12  Overlord  
  37  3:13  Zergling x2  
  37  3:15  Zergling x2  
  37  3:18  Zergling x2  
  40  3:20  Zergling x2  
  40  3:24  Zergling x2  
  42  3:28  Queen  
  42  3:31  Baneling  
  42  3:32  Baneling x2  
  44  3:39  Drone x3  
  47  3:43  Drone  
  48  3:49  Drone x4  
  52  3:55  Overlord  
  52  4:02  Overlord  
  51  4:03  Drone  
  51  4:07  Zergling x2  
  51  4:09  Zergling x4  
  54  4:10  Roach Warren  
  54  4:11  Baneling x2  
  54  4:15  Extractor  
  54  4:16  Extractor  
  51  4:17  Zergling x6  
  51  4:18  Drone  
  55  4:28  Drone  
  55  4:29  Drone x3  
  55  4:30  Drone x2  
  56  4:34  Queen  
  56  4:37  Zergling x4  
  59  4:39  Drone  
  59  4:42  Overlord  
  60  4:50  Roach x4  
  60  4:51  Roach  
  69  4:53  Roach  
  69  4:57  Roach, Evolution Chamber  
  72  5:02  Drone x2  
  72  5:03  Drone  
  75  5:08  Roach x2  
  75  5:10  Roach  
  75  5:11  Baneling x2  
  81  5:17  Roach  
  81  5:21  Drone  
  81  5:22  Overlord  
  81  5:25  Overlord  
  81  5:28  Lair  
  81  5:29  Zerg Missile Weapons Level 1  
  81  5:34  Drone  
  81  5:37  Overlord  
  81  5:41  Drone x4  
  81  5:42  Drone x3  
  88  5:44  Drone  
  88  5:45  Drone  
  90  5:51  Roach x2  
  90  5:54  Drone  
  90  5:56  Roach  
  90  5:57  Extractor  
  96  6:01  Drone x3  
  96  6:03  Drone x2  
  101  6:06  Drone x3  
  101  6:09  Drone  
  105  6:11  Extractor  
  105  6:13  Extractor, Roach  
  105  6:15  Overlord  
  105  6:17  Overlord  
  105  6:19  Overlord  
  105  6:22  Overlord  
  105  6:23  Overlord  
  105  6:25  Overlord  
  105  6:29  Glial Reconstitution  
  105  6:31  Overseer  
  105  6:35  Drone x3  
  105  6:37  Roach  
  105  6:38  Roach x4  
  105  6:39  Roach  
  120  6:42  Roach  
  120  6:43  Roach  
  120  6:46  Roach  
  126  6:55  Hatchery  
  126  6:56  Roach x2  
  126  6:57  Roach  
  126  6:58  Roach  
  126  7:01  Roach  
  135  7:03  Ravager x3  
  135  7:04  Roach  
  135  7:06  Roach  
  135  7:08  Roach x2  
  146  7:11  Roach  
  145  7:17  Roach x5  
  152  7:29  Roach x3  
  150  7:30  Roach  

Tags
 
Add a new tag
Caveats
  • Supply blocks, unpowered buildings, or Contaminate may cause inaccurate times.
  • Supply counts are checked every 10 seconds.